3AAA
BRINKLEY BELUGAS @ WILMINGTON BAY HAWKS
06/16/2025
 
TOP OF THE 1ST
Brinkley Belugas batting - Pitching for Wilmington Bay Hawks : RHP Drake Riley
Pitching: RHP Drake Riley
Batting: RHB Randy Tucker 0-0: Foul Ball, location: 2F
0-1: Called Strike
0-2: Strikes out looking
Batting: RHB Jay Kidd 0-0: Ball
1-0: Ball
2-0: Ball
3-0: Fly out, F8 (Flyball, 89S)
Batting: RHB Reggie Kahn 0-0: Ground out 5-3 (Groundball, 56)
Top of the 1st over - 0 run(s), 0 hit(s), 0 error(s), 0 left on base; Brinkley 0 - Wilmington 0
BOTTOM OF THE 1ST
Wilmington Bay Hawks batting - Pitching for Brinkley Belugas : RHP Chae-seong Kim
Pitching: RHP Chae-seong Kim
Batting: RHB Raúl Guerrero 0-0: Ball
1-0: Fly out, F9 (Flyball, 9)
Batting: LHB Phil Parkinson 0-0: Ball
1-0: Called Strike
1-1: Ball
2-1: SINGLE (Line Drive, 78S)
Batting: RHB Tanyu Kimura 0-0: Ball
1-0: Fielders Choice at 2nd, 6-4 (Groundball, 6)
Batting: RHB Phil Terry 0-0: Called Strike
0-1: Fielders Choice at 2nd, 5-4 (Groundball, 56)
Bottom of the 1st over - 0 run(s), 1 hit(s), 0 error(s), 0 left on base; Brinkley 0 - Wilmington 0
TOP OF THE 2ND
Brinkley Belugas batting - Pitching for Wilmington Bay Hawks : RHP Drake Riley
Batting: LHB Eric Porter 0-0: Ball
1-0: Ball
2-0: Foul Ball, location: 2F
2-1: Ball
3-1: Called Strike
3-2: Strikes out looking
Batting: RHB Steve Jones 0-0: Called Strike
0-1: Foul Ball, location: 2F
0-2: SINGLE (Groundball, 56D)
Batting: LHB Ubbe van Antwerpen 0-0: Called Strike
Steve Jones steals 2nd base
0-1: Ball
1-1: Ground out U3 (Groundball, 23)
Steve Jones to third
Batting: SHB Noel King 0-0: Ball
1-0: Ball
2-0: Called Strike
2-1: Ball
3-1: Base on Balls
Batting: RHB Parker Smith 0-0: Ball
1-0: Called Strike
1-1: Foul Ball, location: 2F
1-2: Ball
2-2: Ball
3-2: Foul Ball, location: 2F
3-2: Strikes out swinging
Top of the 2nd over - 0 run(s), 1 hit(s), 0 error(s), 2 left on base; Brinkley 0 - Wilmington 0
BOTTOM OF THE 2ND
Wilmington Bay Hawks batting - Pitching for Brinkley Belugas : RHP Chae-seong Kim
Batting: LHB Nelson Castillo 0-0: Called Strike
0-1: Ball
1-1: Swinging Strike
1-2: Strikes out swinging
Batting: RHB Artie Miller 0-0: Called Strike
0-1: Ball
1-1: SINGLE (Groundball, 4D)
Batting: RHB Abdul-Fattah bin Najjar 0-0: Called Strike
0-1: Ball
1-1: Swinging Strike
1-2: Strikes out swinging
Batting: RHB Clarence Therrien 0-0: Foul Ball, location: 2F
0-1: Swinging Strike
0-2: Ball
1-2: Ball
2-2: Ball
3-2: Foul Ball, location: 2F
3-2: Ground out 6-3 (Groundball, 6)
Bottom of the 2nd over - 0 run(s), 1 hit(s), 0 error(s), 1 left on base; Brinkley 0 - Wilmington 0
TOP OF THE 3RD
Brinkley Belugas batting - Pitching for Wilmington Bay Hawks : RHP Drake Riley
Batting: RHB Tom Christensen 0-0: Called Strike
0-1: Ball
1-1: Ball
2-1: Foul Ball, location: 2F
2-2: Foul Ball, location: 2F
2-2: Foul Ball, location: 2F
2-2: Foul Ball, location: 2F
2-2: Ball
3-2: Strikes out swinging, 2-3 out at first.
Batting: RHB Randy Tucker 0-0: SINGLE (Groundball, 56D)
Batting: RHB Jay Kidd 0-0: Ball
1-0: Foul Ball, location: 2F
1-1: Ball
2-1: SINGLE (Line Drive, 78M)
Randy Tucker to second
Batting: RHB Reggie Kahn 0-0: Ball
1-0: Ball
2-0: SINGLE (Flyball, 8LS)
Randy Tucker to third
Jay Kidd to second
Runner from 3rd tries for Home, SAFE, no throw
Batting: LHB Eric Porter 0-0: Ball
1-0: Called Strike
1-1: SINGLE (Groundball, 34D)
Jay Kidd to third
Reggie Kahn to second
Runner from 3rd tries for Home, SAFE, throw made home
Batting: RHB Steve Jones 0-0: Ball
1-0: Called Strike
1-1: Ball
Reggie Kahn is caught stealing 3rd base
Eric Porter to second
2-1: Ball
3-1: Ground out 6-3 (Groundball, 6)
Top of the 3rd over - 2 run(s), 4 hit(s), 0 error(s), 1 left on base; Brinkley 2 - Wilmington 0
BOTTOM OF THE 3RD
Wilmington Bay Hawks batting - Pitching for Brinkley Belugas : RHP Chae-seong Kim
Batting: RHB Ray Flynn 0-0: Ball
1-0: Swinging Strike
1-1: Swinging Strike
1-2: Ball
2-2: Strikes out looking
Batting: RHB Raúl Guerrero 0-0: Ground out 4-3 (Groundball, 4)
Batting: LHB Phil Parkinson 0-0: Called Strike
0-1: Ball
1-1: Ball
2-1: Called Strike
2-2: Foul Ball, location: 2F
2-2: Foul Ball, location: 2F
2-2: Ball
3-2: Foul Ball, location: 2F
3-2: Base on Balls
Batting: RHB Tanyu Kimura 0-0: Ball
1-0: Foul Ball, location: 2F
1-1: Ball
2-1: Ball
3-1: Base on Balls
Phil Parkinson to second
Batting: RHB Phil Terry 0-0: Called Strike
0-1: Ball
1-1: Swinging Strike
1-2: Ball
2-2: Strikes out swinging
Bottom of the 3rd over - 0 run(s), 0 hit(s), 0 error(s), 2 left on base; Brinkley 2 - Wilmington 0
TOP OF THE 4TH
Brinkley Belugas batting - Pitching for Wilmington Bay Hawks : RHP Drake Riley
Batting: LHB Ubbe van Antwerpen 0-0: SOLO HOME RUN (Flyball, 9LD), Distance : 351 ft
Batting: SHB Noel King 0-0: Ball
1-0: Called Strike
1-1: Ball
2-1: Called Strike
2-2: Ball
3-2: Strikes out swinging
Batting: RHB Parker Smith 0-0: Called Strike
0-1: Swinging Strike
0-2: Ground out 4-3 (Groundball, 4)
Batting: RHB Tom Christensen 0-0: Called Strike
0-1: Ball
1-1: Ground out 4-3 (Groundball, 4)
Top of the 4th over - 1 run(s), 1 hit(s), 0 error(s), 0 left on base; Brinkley 3 - Wilmington 0
BOTTOM OF THE 4TH
Wilmington Bay Hawks batting - Pitching for Brinkley Belugas : RHP Chae-seong Kim
Batting: LHB Nelson Castillo 0-0: Ball
1-0: Ball
2-0: Foul Ball, location: 2F
2-1: Ground out 6-3 (Groundball, 6)
Batting: RHB Artie Miller 0-0: Ball
1-0: Ball
2-0: Foul Ball, location: 2F
2-1: Foul Ball, location: 2F
2-2: Foul Ball, location: 2F
2-2: Ball
3-2: Ground out 4-3 (Groundball, 4M)
Batting: RHB Abdul-Fattah bin Najjar 0-0: Ground out 4-3 (Groundball, 4)
Bottom of the 4th over - 0 run(s), 0 hit(s), 0 error(s), 0 left on base; Brinkley 3 - Wilmington 0
TOP OF THE 5TH
Brinkley Belugas batting - Pitching for Wilmington Bay Hawks : RHP Drake Riley
Batting: RHB Randy Tucker 0-0: SOLO HOME RUN (Flyball, 9D), Distance : 384 ft
Batting: RHB Jay Kidd 0-0: SINGLE (Line Drive, 34D)
Batting: RHB Reggie Kahn 0-0: Single, Error in OF, E7, batter to second base
Jay Kidd to third
Batting: LHB Eric Porter 0-0: Intentional Walk
Batting: RHB Steve Jones 0-0: Ball
1-0: Called Strike
1-1: Swinging Strike
1-2: Grounds into double play, 5-4-3 (Groundball, 56)
Jay Kidd scores
Reggie Kahn to third
Batting: LHB Ubbe van Antwerpen 0-0: Ball
1-0: Called Strike
1-1: Called Strike
1-2: Ball
2-2: SINGLE (Line Drive, 89S)
Reggie Kahn scores
Pitching: RHP Lanny Larson
Batting: SHB Noel King 0-0: Ball
1-0: Reached on error, E3 (Groundball, 34)
Ubbe van Antwerpen to second
Batting: RHB Parker Smith 0-0: Ball
1-0: Foul Ball, location: 2F
1-1: Ball
2-1: Foul Ball, location: 2F
2-2: Fielders Choice at 2nd, 4-6 (Groundball, 4)
Top of the 5th over - 3 run(s), 4 hit(s), 2 error(s), 1 left on base; Brinkley 6 - Wilmington 0
BOTTOM OF THE 5TH
Wilmington Bay Hawks batting - Pitching for Brinkley Belugas : RHP Chae-seong Kim
Batting: RHB Clarence Therrien 0-0: Ball
1-0: Ball
2-0: Foul Ball, location: 2F
2-1: Called Strike
2-2: Strikes out looking
Batting: RHB Ray Flynn 0-0: SINGLE (Line Drive, 34D)
Batting: RHB Raúl Guerrero 0-0: Ball
1-0: Called Strike
1-1: Ball
Wild Pitch!
Ray Flynn to second
2-1: Ball
3-1: Called Strike
3-2: Foul Ball, location: 2F
3-2: SINGLE (Groundball, 34D)
Ray Flynn to third
Runner from 3rd tries for Home, SAFE, throw made home
Raúl Guerrero to second
Batting: LHB Phil Parkinson 0-0: Called Strike
0-1: Swinging Strike
0-2: Strikes out swinging
Batting: RHB Tanyu Kimura 0-0: Ball
1-0: Ball
2-0: Swinging Strike
2-1: Foul Ball, location: 2F
2-2: Ball
3-2: Foul Ball, location: 2F
3-2: Base on Balls
Batting: RHB Phil Terry 0-0: Swinging Strike
0-1: Ball
1-1: Ball
2-1: Foul Ball, location: 2F
2-2: DOUBLE (Groundball, 5L)
Raúl Guerrero scores
Tanyu Kimura to third
Batting: LHB Nelson Castillo 0-0: Foul Ball, location: 2F
0-1: Ball
1-1: Swinging Strike
1-2: Ball
2-2: Strikes out swinging
Bottom of the 5th over - 2 run(s), 3 hit(s), 0 error(s), 2 left on base; Brinkley 6 - Wilmington 2
TOP OF THE 6TH
Brinkley Belugas batting - Pitching for Wilmington Bay Hawks : RHP Lanny Larson
Batting: RHB Tom Christensen 0-0: Called Strike
0-1: Foul Ball, location: 2F
0-2: Ball
1-2: Strikes out swinging
Batting: RHB Randy Tucker 0-0: Ball
1-0: Foul Ball, location: 2F
1-1: SINGLE (Groundball, 56D)
Batting: RHB Jay Kidd 0-0: Fielders Choice at 2nd, 3-6 (Groundball, 3)
Batting: RHB Reggie Kahn 0-0: Ball
1-0: Called Strike
1-1: Foul Ball, location: 2F
1-2: Ground out 5-3 (Groundball, 56S)
Top of the 6th over - 0 run(s), 1 hit(s), 0 error(s), 1 left on base; Brinkley 6 - Wilmington 2
BOTTOM OF THE 6TH
Wilmington Bay Hawks batting - Pitching for Brinkley Belugas : RHP Chae-seong Kim
Pitching: RHP Richard Brown
Batting: RHB Artie Miller 0-0: Ball
1-0: Called Strike
1-1: Called Strike
1-2: Foul Ball, location: 2F
1-2: Ball
2-2: Strikes out swinging
Pitching: RHP Júlio Peña
Batting: RHB Abdul-Fattah bin Najjar 0-0: Ball
1-0: Ball
2-0: Ball
3-0: Called Strike
3-1: Foul Ball, location: 2F
3-2: Base on Balls
Batting: RHB Clarence Therrien 0-0: Swinging Strike
0-1: Called Strike
0-2: Ball
1-2: Ball
2-2: Strikes out swinging
Batting: RHB Ray Flynn 0-0: Ball
1-0: Ball
2-0: Ball
3-0: Called Strike
3-1: Base on Balls
Abdul-Fattah bin Najjar to second
Batting: RHB Raúl Guerrero 0-0: Ball
1-0: Ball
2-0: Called Strike
2-1: Ball
Wild Pitch!
Abdul-Fattah bin Najjar to third
Ray Flynn to second
3-1: Foul Ball, location: 2F
3-2: SINGLE (Line Drive, 56)
Abdul-Fattah bin Najjar scores
Ray Flynn to third
Ray Flynn scores
Batting: LHB Phil Parkinson 0-0: Ball
1-0: Called Strike
1-1: Swinging Strike
1-2: DOUBLE (Line Drive, 78M)
Raúl Guerrero to third
Batting: RHB Tanyu Kimura 0-0: Ball
1-0: Called Strike
1-1: Called Strike
1-2: Foul Ball, location: 2F
1-2: Ball
2-2: Ball
3-2: Strikes out looking
Bottom of the 6th over - 2 run(s), 2 hit(s), 0 error(s), 2 left on base; Brinkley 6 - Wilmington 4
TOP OF THE 7TH
Brinkley Belugas batting - Pitching for Wilmington Bay Hawks : RHP Lanny Larson
Batting: LHB Eric Porter 0-0: Ball
1-0: Ball
2-0: Ball
3-0: Called Strike
3-1: Base on Balls
Batting: RHB Steve Jones 0-0: Swinging Strike
0-1: Ball
1-1: Foul Ball, location: 2F
1-2: Foul Ball, location: 2F
1-2: Strikes out looking
Batting: LHB Ubbe van Antwerpen 0-0: Grounds into double play, 4-6-3 (Groundball, 4)
Top of the 7th over - 0 run(s), 0 hit(s), 0 error(s), 0 left on base; Brinkley 6 - Wilmington 4
BOTTOM OF THE 7TH
Wilmington Bay Hawks batting - Pitching for Brinkley Belugas : RHP Júlio Peña
Batting: RHB Phil Terry 0-0: Called Strike
0-1: Foul Ball, location: 2F
0-2: Ball
1-2: Ball
2-2: Foul Ball, location: 2F
2-2: Foul Ball, location: 2F
2-2: Fly out, F9 (Flyball, 9D)
Batting: LHB Nelson Castillo 0-0: Ball
1-0: Ball
2-0: Ball
3-0: Called Strike
3-1: Base on Balls
Batting: RHB Artie Miller 0-0: Called Strike
0-1: Swinging Strike
0-2: Ball
1-2: Foul Ball, location: 2F
1-2: Foul Ball, location: 2F
1-2: Ball
2-2: Strikes out swinging
Pitching: RHP Steven Jones
Batting: RHB Abdul-Fattah bin Najjar 0-0: Called Strike
0-1: Fly out, F8 (Flyball, 8RM)
Bottom of the 7th over - 0 run(s), 0 hit(s), 0 error(s), 1 left on base; Brinkley 6 - Wilmington 4
TOP OF THE 8TH
Brinkley Belugas batting - Pitching for Wilmington Bay Hawks : RHP Lanny Larson
Batting: SHB Noel King 0-0: Ball
1-0: Ball
2-0: Foul Ball, location: 2F
2-1: Fly out, F5 (Popup, 5S)
Batting: RHB Parker Smith 0-0: Foul Ball, location: 2F
0-1: Ball
1-1: Reached on error, E6 (Groundball, 6)
Batting: RHB Tom Christensen 0-0: Fly out, F9 (Flyball, 89S)
Batting: RHB Randy Tucker 0-0: Called Strike
0-1: Ball
1-1: Swinging Strike
1-2: Foul Ball, location: 2F
1-2: Foul Ball, location: 2F
1-2: Reached on error, E5 (Groundball, 5)
Parker Smith to second
Pinch Hitting: LHB Peter Paul 0-0: Ball
1-0: Called Strike
1-1: Swinging Strike
1-2: Ball
2-2: Ball
3-2: SINGLE (Groundball, 56D)
Parker Smith to third
Randy Tucker to second
Parker Smith scores
Randy Tucker to third
Batting: RHB Reggie Kahn 0-0: Ball
1-0: Foul Ball, location: 2F
1-1: Foul Ball, location: 2F
1-2: Ball
2-2: DOUBLE (Line Drive, 89M)
Randy Tucker scores
Peter Paul to third
Runner from 3rd tries for Home, SAFE, no throw
Pitching: LHP Ryan McCall
Batting: LHB Eric Porter 0-0: Ball
1-0: Ball
2-0: Swinging Strike
2-1: Ball
3-1: Base on Balls
Batting: RHB Steve Jones 0-0: Called Strike
0-1: Ball
1-1: Ball
2-1: Foul Ball, location: 2F
2-2: Ball
3-2: Foul Ball, location: 2F
3-2: Foul Ball, location: 2F
3-2: Strikes out swinging
Top of the 8th over - 3 run(s), 2 hit(s), 2 error(s), 2 left on base; Brinkley 9 - Wilmington 4
BOTTOM OF THE 8TH
Wilmington Bay Hawks batting - Pitching for Brinkley Belugas : RHP Steven Jones
Now at 2B: Iván Miranda
Batting: RHB Clarence Therrien 0-0: Swinging Strike
0-1: Foul Ball, location: 2F
0-2: Foul Ball, location: 2F
0-2: Ball
1-2: Foul Ball, location: 2F
1-2: Ground out 6-3 (Groundball, 56)
Batting: RHB Ray Flynn 0-0: Swinging Strike
0-1: Ball
1-1: Ball
2-1: Foul Ball, location: 2F
2-2: Strikes out looking
Batting: RHB Raúl Guerrero 0-0: Fly out, F9 (Flyball, 9)
Bottom of the 8th over - 0 run(s), 0 hit(s), 0 error(s), 0 left on base; Brinkley 9 - Wilmington 4
TOP OF THE 9TH
Brinkley Belugas batting - Pitching for Wilmington Bay Hawks : LHP Ryan McCall
Batting: LHB Ubbe van Antwerpen 0-0: Foul Ball, location: 2F
0-1: Foul Ball, location: 2F
0-2: Ball
1-2: Ball
2-2: Foul Ball, location: 2F
2-2: Ground out 4-3 (Groundball, 4)
Batting: SHB Noel King 0-0: Ball
1-0: Ground out 4-3 (Groundball, 4)
Batting: RHB Parker Smith 0-0: Ball
1-0: Fly out, F8 (Flyball, 8LS)
Top of the 9th over - 0 run(s), 0 hit(s), 0 error(s), 0 left on base; Brinkley 9 - Wilmington 4
BOTTOM OF THE 9TH
Wilmington Bay Hawks batting - Pitching for Brinkley Belugas : RHP Steven Jones
Pitching: LHP Ramón García
Now at 1B: Manny Carbajal
Batting: LHB Phil Parkinson 0-0: Foul Ball, location: 2F
0-1: SINGLE (Line Drive, 89M)
Batting: RHB Tanyu Kimura 0-0: Ball
1-0: Foul Ball, location: 2F
1-1: Called Strike
1-2: Foul Ball, location: 2F
1-2: Ball
Wild Pitch!
Phil Parkinson to second
2-2: Ball
3-2: Base on Balls
Batting: RHB Phil Terry 0-0: Grounds into double play, U5-3 (Groundball, 5L)
Tanyu Kimura to second
Batting: LHB Nelson Castillo 0-0: Called Strike
0-1: Ball
1-1: Ground out 6-3 (Groundball, 6)
Bottom of the 9th over - 0 run(s), 1 hit(s), 0 error(s), 1 left on base; Brinkley 9 - Wilmington 4
Friday, December 30th, 2016 - OOTP Baseball 17.12 Build 75